 Dungeon Crawl Stone Soup version 0.31-a0-965-g8a8ce12e04 (webtiles) character file.

Game seed: 2241207504948817351

17467 Hubris850 the Severer (level 12, 0/105 HPs)
             Began as a Hill Orc Fighter on Oct 26, 2023.
             Was a Priest of Beogh.
             Slain by a five-headed hydra (8 damage)
             ... on level 1 of the Lair of Beasts.
             The game lasted 00:32:12 (13494 turns).

Hubris850 the Severer (Hill Orc Fighter)           Turns: 13494, Time: 00:32:13

Health: 0/105      AC: 14    Str: 24    XL:     12   Next: 48%
Magic:  0/18       EV:  6    Int:  8    God:    Beogh [***...]
Gold:   605        SH: 11    Dex: 10    Spells: 11/11 levels left

rFire   + + .        M - +1 scimitar (flame)
rCold   + + +        T - +2 shield of Resistance {rF++ rC++ Will++}
rNeg    . . .        z - +0 plate armour
rPois   .            d - +0 helmet
rElec   .            (no cloak)
rCorr   .            (no gloves)
SInv    .            (no boots)
Will    ++...        L - amulet of guardian spirit Stlth
                     G - ring of protection from cold
HPRegen 0.37/turn    (no ring)
MPRegen 0.16/turn

%: guardian spirit
@: no status effects
A: no striking features
a: Renounce Religion, Smiting


You were on level 1 of the Lair of Beasts.
You worshipped Beogh.
Beogh was most pleased with you.
You visited 3 branches of the dungeon, and saw 13 of its levels.
You also visited: Bailey.

You collected 633 gold pieces.
You spent 28 gold pieces at shops.

Inventory:

Hand Weapons
 a - a +0 war axe
 b - a +4 dagger of electrocution
 y - the +5 hand axe of Vuaff {drain, rPois MP+9}
   (You found it on level 6 of the Dungeon)

   rPois:     It protects you from poison MP+9: It affects your magic capacity
   (+9).
 B - a +4 battleaxe
 M - a +1 scimitar of flaming (weapon)
 O - the +11 hand axe "Olaraing" {elec, *Slow rElec SInv Stlth-}
   (You found it on level 10 of the Dungeon)

   rElec:     It insulates you from electricity.
   SInv:      It lets you see invisible.
   *Slow:     It may slow you when you take damage.
   Stlth-:    It makes you less stealthy.
 R - a +0 broad axe
 S - the +11 morningstar "Daiqocvu" {speed, +Blink Will+ Int-5}
   (You found it on level 10 of the Dungeon)

   Int-5:     It affects your intelligence (-5).
   Will+:     It increases your willpower.
   +Blink:    It lets you blink.
Missiles
 i - 19 poisoned darts (quivered)
 l - 2 curare-tipped darts
 s - 3 atropa-tipped darts
 J - a throwing net
Armour
 d - a +0 helmet (worn)
 r - a +1 leather armour of poison resistance
 z - a +0 plate armour (worn)
 F - a +2 ring mail of fire resistance
 T - the +2 shield of Resistance (worn) {rF++ rC++ Will++}
   (You found it on level 10 of the Dungeon)

   rF++:      It greatly protects you from fire.
   rC++:      It greatly protects you from cold.
   Will++:    It greatly increases your willpower.
Jewellery
 G - a ring of protection from cold (left hand)
 L - an amulet of guardian spirit (around neck)
Wands
 p - a wand of roots (20)
 E - a wand of mindburst (17)
 I - a wand of polymorph (5)
 U - a wand of paralysis (5)
Scrolls
 f - a scroll of vulnerability
 h - a scroll of fog
 k - 2 scrolls of immolation
 m - a scroll of teleportation
 n - a scroll of blinking {unknown}
 o - 3 scrolls of fear {unknown}
 q - a scroll of brand weapon {unknown}
 v - a scroll of poison
 x - a scroll of torment {unknown}
 C - a scroll of amnesia {unknown}
 N - a scroll of summoning {unknown}
 P - a scroll of enchant weapon {unknown}
 Q - 2 scrolls of revelation {unknown}
Potions
 e - a potion of lignification
 g - 2 potions of enlightenment
 j - 4 potions of mutation
 t - 2 potions of brilliance
 u - a potion of might
 w - a potion of attraction
 A - 2 potions of curing
 D - a potion of haste {unknown}
 H - a potion of heal wounds {unknown}
 K - a potion of resistance {unknown}


   Skills:
 + Level 9.6 Fighting
 - Level 16.0 Axes
 + Level 7.2 Throwing
 + Level 7.8 Armour
 + Level 7.7 Shields
 - Level 9.0 Invocations
 - Level 3.0 Evocations


You had 11 spell levels left.
You didn't know any spells.
Your spell library contained the following spells:

 Spells                   Type           Power      Damage    Failure   Level
 Kiss of Death            Conj/Necr      0%         2d5       100%        1
 Magic Dart               Conj           0%         1d3       100%        1
 Sting                    Tmut/Pois      0%         1d3       100%        1
 Call Imp                 Summ           0%         N/A       100%        2
 Poisonous Vapours        Pois/Air       0%         N/A       100%        2
 Confusing Touch          Hex            0%         N/A       100%        3
 Mephitic Cloud           Conj/Pois/Air  0%         N/A       100%        3
 Dispel Undead            Necr           0%         3d6       100%        4
 Manifold Assault         Tloc           0%         N/A       100%        4
 Olgreb's Toxic Radiance  Pois           0%         N/A       100%        4
 Dispersal                Tloc           0%         N/A       100%        6
 Disjunction              Tloc           0%         N/A       100%        8


Dungeon Overview and Level Annotations

Branches:
Dungeon (11/15)            Temple (1/1) D:5            Lair (1/5) D:9
 Bailey (visited)
    Orc: D:9-12

Altars:
Ashenzari
Cheibriados
Dithmenos
Elyvilon
Fedhas
Gozag
Hepliaklqana
Kikubaaqudgha
Makhleb
Nemelex Xobeh
Okawaru
Qazlal
Ru
Sif Muna
Trog
Uskayaw
Vehumet
Wu Jian
Xom
Yredelemnul
Zin
The Shining One

Shops:
D:5 ?   D:7 =

Annotations:
D:7 3 runed translucent doors
Temple 4 transporters


Message History

The seven-headed hydra bites you but does no damage.
The seven-headed hydra barely misses you.
You slice one of the seven-headed hydra's heads off!
The flame cauterises the wound!
You slash the six-headed hydra! You burn the six-headed hydra.
The six-headed hydra is lightly wounded.
The six-headed hydra bites you. The six-headed hydra barely misses you.
You block the six-headed hydra's attack.
The six-headed hydra bites you!
The six-headed hydra bites you but does no damage.
The six-headed hydra bites you!
You lop one of the six-headed hydra's heads off!
The flame cauterises the wound!
You slash the five-headed hydra! You burn the five-headed hydra.
The five-headed hydra is moderately wounded.
You block the five-headed hydra's attack.
The five-headed hydra bites you but does no damage.
You block the five-headed hydra's attack.
The five-headed hydra bites you but does no damage. x2
The five-headed hydra barely misses you.
The five-headed hydra bites you but does no damage.
The five-headed hydra bites you.
The five-headed hydra bites you but does no damage.
You block the five-headed hydra's attack.
You barely miss the five-headed hydra.
The five-headed hydra is moderately wounded.
The five-headed hydra bites you. The five-headed hydra bites you!
You block the five-headed hydra's attack.
The five-headed hydra barely misses you.
The five-headed hydra bites you!
* * * LOW HITPOINT WARNING * * *
You barely miss the five-headed hydra.
The five-headed hydra is moderately wounded.
You block the five-headed hydra's attack. x2
The five-headed hydra bites you!
* * * LOW HITPOINT WARNING * * *
The five-headed hydra bites you!
* * * LOW HITPOINT WARNING * * *
The five-headed hydra bites you!
You die...

#.. ##....#...... #.#
#.##.#...... #.#
#..##........ ##.#
##.##........ ..#
#.......)... P.##
####........ ##..
#..#.#..# ####..#
##..##...# #!..D@####
##...##...#
#P.#.#..#.###.........#
# #...........##..##
######P###..##.## ###
#...#..# #..#..###
##........ ###..##...##
#......#.##


You could see a five-headed hydra.

Vanquished Creatures
  Erica (D:9)
  A boulder beetle (Lair:1)
  A two-headed ogre (D:10)
  Amaemon (Lair:1)
  An arcanist (D:10)
  An ugly thing (D:11)
  3 elephants
  A cane toad (Lair:1)
  A rime drake (D:9)
  An orange demon (Lair:1)
  Jeremiah (D:7)
  A polar bear (D:9)
  4 trolls
  Prince Ribbit (D:5)
  Sigmund (D:3)
  27 yaks
  5 large abominations (D:10)
  A basilisk (Lair:1)
  2 wyverns
  2 steam dragons
  An acid dragon (D:9)
  7 small abominations (D:10)
  2 water moccasins
  A hornet zombie (D:7)
  A black bear (D:6)
  2 sky beasts (D:7)
  7 ice beasts (D:9)
  An ogre (D:5)
  A wolf (D:9)
  3 centaurs (D:10)
  A phantom (D:5)
  2 bullfrogs
  A wyvern zombie (D:7)
  4 scorpions
  A water moccasin zombie (D:7)
  7 wights (D:7)
  9 killer bees
  An electric eel (D:7)
  A howler monkey (D:4)
  4 centaur zombies (D:7)
  2 bullfrog zombies (D:7)
  2 jellies
  5 hounds
  4 orc priests
  A gnoll bouda (D:10)
  A sleepcap (D:4)
  4 iguanas
  6 orc wizards
  A howler monkey zombie (D:7)
  Robin (D:3)
  4 gnolls (D:10)
  7 adders
  A shadow imp (D:7)
  A white imp (D:7)
  2 ufetubi (D:6)
  A worm (D:2)
  3 dart slugs
  18 orcs
  8 bats
  4 endoplasms
  2 giant cockroaches (D:2)
  27 goblins
  7 hobgoblins
  10 jackals
  7 kobolds
  2 quokkas (D:1)
  7 ball pythons
  2 frilled lizards
  2 rats (D:1)
256 creatures vanquished.

Vanquished Creatures (others)
  An orc priest (D:7)
  5 orcs
6 creatures vanquished.

Grand Total: 262 creatures vanquished

Notes
Turn   | Place    | Note
-------+----------+-------------------------------------------
     0 | D:1      | Hubris850 the Hill Orc Fighter began the quest for the Orb.
     0 | D:1      | Reached XP level 1. HP: 19/19 MP: 1/1
   120 | D:1      | Reached XP level 2. HP: 21/27 MP: 2/2
   156 | D:1      | Reached skill level 3 in Axes
   963 | D:2      | Reached XP level 3. HP: 33/33 MP: 3/3
  1233 | D:2      | Found a glowing golden altar of the Shining One.
  1530 | D:2      | Reached XP level 4. HP: 33/40 MP: 4/4
  1659 | D:3      | Found an opulent altar of Gozag.
  1721 | D:3      | Reached skill level 1 in Throwing
  1986 | D:3      | Noticed Robin
  1993 | D:3      | Killed Robin
  1994 | D:3      | Reached skill level 4 in Axes
  2260 | D:3      | Reached XP level 5. HP: 45/46 MP: 5/5
  2686 | D:3      | Noticed Sigmund
  2710 | D:3      | Killed Sigmund
  2711 | D:3      | Reached skill level 5 in Axes
  2711 | D:3      | Reached XP level 6. HP: 37/52 MP: 6/6
  2981 | D:4      | Reached skill level 6 in Axes
  3689 | D:5      | Entered Level 5 of the Dungeon
  3913 | D:5      | Reached XP level 7. HP: 56/59 MP: 7/7
  3958 | D:5      | Found a staircase to the Ecumenical Temple.
  3973 | Temple   | Found a transporter.
  3973 | Temple   | Found a transporter.
  3973 | Temple   | Found a transporter.
  3973 | Temple   | Found a transporter.
  3973 | Temple   | Entered the Ecumenical Temple
  4014 | D:5      | Became a worshipper of Beogh the Brigand
  4033 | D:5      | Reached skill level 7 in Axes
  4414 | D:5      | Found Atenob's Magic Scroll Shoppe.
  4426 | D:5      | Bought a scroll of identify for 28 gold pieces
  4565 | D:5      | Reached skill level 8 in Axes
  4698 | D:5      | Noticed Prince Ribbit
  4713 | D:5      | Killed Prince Ribbit
  4714 | D:5      | Reached skill level 9 in Axes
  4714 | D:5      | Reached XP level 8. HP: 31/66 MP: 8/8
  5073 | D:6      | Reached skill level 10 in Axes
  5165 | D:6      | Identified the +5 hand axe of Vuaff {drain, rPois MP+9}
  5411 | D:6      | Found a glowing silver altar of Zin.
  5495 | D:6      | Reached skill level 11 in Axes
  5682 | D:6      | Found a bloodstained altar of Trog.
  5801 | D:7      | Reached * piety under Beogh
  5813 | D:7      | Reached skill level 12 in Axes
  5938 | D:7      | Reached XP level 9. HP: 55/71 MP: 9/9
  5946 | D:7      | Found a runed translucent gate.
  5946 | D:7      | Noticed a polar bear
  5947 | D:7      | Found a runed translucent gate.
  5948 | D:7      | Noticed a polar bear
  5948 | D:7      | Found a runed translucent gate.
  5948 | D:7      | Noticed a polar bear
  6003 | D:7      | Reached skill level 13 in Axes
  6197 | D:7      | Found a flagged portal.
  6207 | Bailey   | Entered a bailey
  6484 | D:7      | Found a white marble altar of Elyvilon.
  6500 | D:7      | Reached skill level 14 in Axes
  6835 | D:7      | Found Wouc Jyk's Jewellery Shop.
  7082 | D:7      | Reached skill level 15 in Axes
  7115 | D:7      | Reached ** piety under Beogh
  7219 | D:7      | Noticed Jeremiah
  7231 | D:7      | Killed Jeremiah
  7626 | D:7      | Reached skill level 16 in Axes
  7626 | D:7      | Reached XP level 10. HP: 33/78 MP: 11/11
  7790 | D:7      | Reached skill level 5 in Invocations
  8300 | D:8      | Found a shimmering blue altar of Sif Muna.
  8566 | D:8      | Found a sparkling altar of Nemelex Xobeh.
  9223 | D:9      | Reached skill level 1 in Evocations
  9242 | D:9      | Found a staircase to the Lair.
  9362 | D:9      | Reached skill level 5 in Fighting
  9369 | D:9      | Reached skill level 5 in Armour
  9369 | D:9      | Reached XP level 11. HP: 53/86 MP: 17/17
  9381 | D:9      | Reached skill level 5 in Shields
  9670 | D:9      | Found a broken altar of Ashenzari.
  9781 | D:9      | Noticed Erica
  9794 | D:9      | Killed Erica
  9956 | D:9      | Reached *** piety under Beogh
  9957 | D:9      | Reached skill level 5 in Throwing
 10472 | D:10     | Entered Level 10 of the Dungeon
 10511 | D:10     | Identified the +11 hand axe "Olaraing" {elec, *Slow rElec
                  | SInv Stlth-}
 11113 | D:10     | Noticed an arcanist
 11127 | D:10     | Killed an arcanist
 11189 | D:10     | Noticed a large abomination
 11217 | D:10     | Noticed a large abomination
 11218 | D:10     | HP: 2/93 [large abomination (26)]
 11558 | D:10     | Killed a large abomination
 11698 | D:10     | Killed a large abomination
 11853 | D:10     | Found the +2 shield of Resistance {rF++ rC++ Will++}
 11863 | D:10     | Identified the +11 morningstar "Daiqocvu" {speed, +Blink
                  | Will+ Int-5}
 12045 | D:10     | Noticed a two-headed ogre
 12053 | D:10     | Killed a two-headed ogre
 12360 | D:11     | Noticed a cyan ugly thing
 12378 | D:11     | Killed a cyan ugly thing
 12379 | D:11     | Reached XP level 12. HP: 64/103 MP: 11/18
 12580 | Lair:1   | Identified the "Winki"
 12580 | Lair:1   | Entered Level 1 of the Lair of Beasts
 12650 | Lair:1   | HP: 4/156 [yak (9)]
 13029 | Lair:1   | Reached **** piety under Beogh
 13222 | Lair:1   | Noticed Amaemon
 13222 | Lair:1   | Noticed a boulder beetle
 13234 | Lair:1   | Killed Amaemon
 13242 | Lair:1   | Killed a boulder beetle
 13486 | Lair:1   | Noticed a seven-headed hydra
 13494 | Lair:1   | Slain by a five-headed hydra

Illustrated notes

Levels and vault maps discovered:
D:1:      matt_arrival_grand_opening, layout_basic, minmay_misc_feat_doors
D:2:      layout_loops_ring, basic_altar, minmay_shallow_snake_nest
D:3:      kennysheep_goblin_castle, layout_basic, mainiacjoe_overflow_catwalk,
          eino_tiny_chamber, uniq_sigmund
D:4:      cheibrodos_helix_gallery, layout_cave_pools, serial_bayou,
          serial_bayou_lake_a, serial_bayou_pond_a, serial_bayou_lagoon_a,
          serial_bayou_lagoon_b, serial_bayou_ford_a
D:5:      layout_basic, minmay_temple_entry_crystal_x, serial_shops,
          nicolae_shop_temple_entry_statues_fountains, minmay_crossroads,
          uniq_prince_ribbit1
D:6:      layout_cave_pools, mainiacjoe_overflow_concentric_impassable,
          general_overflow_altar
D:7:      lemuel_bear_cage, layout_loops_ring, elyvilon_altar_1, serial_undead,
          serial_undead_b, serial_undead_a, serial_undead_f, serial_undead_f,
          serial_undead_e, enter_bailey_3, serial_shops, nicolae_lakefront_shop,
          grunt_ministairs_10, uniq_jeremiah
D:8:      layout_cave_pods, mainiacjoe_overflow_24_doors,
          nemelex_diamond_rough_becter, serial_column_ruins,
          column_ruins_circle_medium, column_ruins_hut_water,
          column_ruins_open_tiny, column_ruins_corridor_straight,
          column_ruins_open_tiny, column_ruins_columns_dead_end,
          column_ruins_grid_3, column_ruins_grid_1, column_ruins_open_tiny
D:9:      layout_basic, nicolae_ashenzari_panopticon, hellmonk_lair_entry_icy,
          uniq_erica
D:10:     layout_loops_cross, laboratory
D:11:     layout_long_grid, david_orc_2, gammafunk_ghost_necromancy, tgw_sif
Temple:   hellmonk_temple_divided_pantheon
Lair:1:   layout_loops_ring, uniq_amaemon, uniq_nergalle

Skill      XL: |  1  2  3  4  5  6  7  8  9 10 11 12 |
---------------+-------------------------------------+-----
Axes           | 3 4 5 6 9 12 16 | 16.0
Fighting       | 4 5 8 9 |  9.6
Throwing       | 1 3 4 6 7 |  7.2
Shields        | 4 6 7 |  7.7
Armour         | 4 5 6 7 |  7.8
Invocations    | 2 9 |  9.0
Evocations     | 2 3 |  3.0

Action                     |  1- 3 |  4- 6 |  7- 9 | 10-12 || total
---------------------------+-------+-------+-------+-------++-------
  Melee: War axe           |   116 |   148 |    59 |       ||   323
         Dagger            |       |    37 |       |       ||    37
         Hand axe          |       |       |   203 |   448 ||   651
         Scimitar          |       |       |       |     6 ||     6
  Throw: Dart              |       |     5 |    37 |    21 ||    63
 Invoke: Convert to Beogh  |       |       |     1 |       ||     1
  Evoke: Wand              |       |       |       |     4 ||     4
    Use: Potion            |       |     1 |     1 |     5 ||     7
         Scroll            |       |       |     9 |     3 ||    12
 Armour: Scale mail        |   102 |   182 |   168 |    47 ||   499
         Ring mail         |       |       |       |   177 ||   177
         Plate armour      |       |       |       |    52 ||    52
  Dodge: Dodged            |    79 |    93 |    93 |   121 ||   386
  Block: Buckler           |    36 |    46 |    51 |    40 ||   173
         Kite shield       |       |       |       |    56 ||    56

Table legend: (Time is in decaauts)
 A = Elapsed time spent in this place.
 B = Non-inter-level travel time spent in this place.
 C = Inter-level travel time spent in this place.
 D = Time resting spent in this place.
 E = Time spent auto-exploring this place.
 F = Levels seen in this place.
 G = Mean time per level.
                   A        B        C        D        E       F      G
               +--------+--------+--------+--------+--------+-----+--------+
         Total |  13425 |  13001 |    424 |   2926 |   7729 |  14 |  958.9 |
       Dungeon |  12798 |  12374 |    424 |   2745 |   7515 |  11 | 1163.5 |
        Temple |     25 |     25 |      0 |      0 |      0 |   1 |   25.0 |
          Lair |    569 |    569 |      0 |    181 |    214 |   1 |  569.0 |
        Bailey |     31 |     31 |      0 |      0 |      0 |   1 |   31.0 |
               +--------+--------+--------+--------+--------+-----+--------+

Top non-repeatable levels by time:
     D:7: 2338 daAuts
     D:9: 1916 daAuts
    D:10: 1560 daAuts
     D:5: 1346 daAuts
     D:3: 1241 daAuts
     D:1: 958 daAuts
     D:4: 932 daAuts
     D:8: 892 daAuts
     D:2: 694 daAuts
     D:6: 691 daAuts
  Lair:1: 569 daAuts
    D:11: 226 daAuts
  Bailey: 31 daAuts
  Temple: 25 daAuts
